 Dungeon Crawl Stone Soup version 0.27-a0-920-gb2bd10914a (webtiles) character file.

Game seed: 13321075798666808921

70 mightbedylan the Conjurer (level 4, -10/30 HPs)
             Began as a Human Conjurer on Apr 9, 2021.
             Was a Believer of Kikubaaqudgha.
             Mangled by a gnoll
             ... wielding a +0 flail
              (14 damage)
             ... on level 2 of the Dungeon.
             The game lasted 00:25:09 (2116 turns).

mightbedylan the Conjurer (Human Conjurer)          Turns: 2116, Time: 00:25:10

Health: -10/30     AC:  2    Str:  8    XL:     4   Next: 45%
Magic:  0/7        EV: 12    Int: 17    God:    Kikubaaqudgha [**....]
Gold:   86         SH:  0    Dex: 11    Spells: 4/7 levels left

rFire    . . .     SeeInvis .   e - +3 short sword
rCold    . . .     Faith    .   (no shield)
rNeg     . . .     Spirit   .   f - +0 robe {Will+}
rPois    .         Reflect  .   (no helmet)
rElec    .         Harm     .   (no cloak)
rCorr    .         Rampage  .   (no gloves)
Will     +....     Clarity  +   (no boots)
Stlth    ++........             (no amulet)
HPRegen  0.10/turn              (no ring)
MPRegen  0.10/turn              (no ring)

@: no status effects
A: clarity, dopey 1, screaming 1
a: Renounce Religion, Receive Corpses


You were on level 2 of the Dungeon.
You worshipped Kikubaaqudgha.
Kikubaaqudgha was pleased with you.
You visited 1 branch of the dungeon, and saw 2 of its levels.

You collected 86 gold pieces.

Inventory:

Hand Weapons
 e - a +3 short sword (weapon)
Armour
 a - a +0 robe
 f - a +0 robe of willpower (worn)
Scrolls
 h - a scroll of teleportation


   Skills:
 + Level 1.8 Short Blades
 + Level 2.2 Dodging
 + Level 2.3 Stealth
 + Level 2.1 Spellcasting
 + Level 4.8 Conjurations


You had 4 spell levels left.
You knew the following spells:

 Your Spells              Type           Power      Damage    Failure   Level
a - Magic Dart            Conj           72%        1d6       2%          1
b - Searing Ray           Conj           36%        3d4       4%          2

Your spell library contained the following spells:

 Spells                   Type           Power      Damage    Failure   Level
 Animate Skeleton         Necr           2%         N/A       19%         1
 Pain                     Necr           4%         1d4       19%         1
 Dazzling Flash           Conj/Hex       20%        N/A       22%         3
 Sublimation of Blood     Necr           0%         N/A       28%         2
 Vampiric Draining        Necr           0%         2d6       50%         3
 Fulminant Prism          Conj/Hex       5%         3d7       56%         4
 Iskenderun's Mystic Bla  Conj/Tloc      10%        2d4       56%         4


Dungeon Overview and Level Annotations

Branches:
Dungeon (2/15)

Altars:
Kikubaaqudgha


Innate Abilities, Weirdness & Mutations

You possess an exceptional clarity of mind.
You are dopey. (Int -2)
You occasionally shout uncontrollably at your foes.


Message History

The searing ray hits the gnoll!
The gnoll is severely wounded.
The searing ray hits the gnoll shaman.
The gnoll shaman is moderately wounded.
The searing ray hits the gnoll.
The gnoll is severely wounded.
The searing ray misses the gnoll shaman.
You finish channeling your searing ray.
The gnoll barely misses you.
The gnoll hits you from afar with a +0 spear.
Casting: Searing Ray (safe; 4% risk of failure)
Confirm with . or Enter, or press ? or * to list all spells.
Aiming: Searing Ray (safe; 4% risk of failure)
Press: ? - help, Shift-Dir - straight line, f - gnoll shaman
Aim: a gnoll shaman, wielding a +0 club and wearing a +0 leather armour (moderately wounded, 19% to evade)
The searing ray hits the gnoll shaman.
The gnoll shaman is moderately wounded.
The searing ray hits the gnoll!
You kill the gnoll!
Kikubaaqudgha accepts your kill.
The searing ray hits the gnoll.
The gnoll is moderately wounded.
The searing ray hits the gnoll.
The gnoll is heavily wounded. (Press . to maintain the ray.) Without enough magic to sustain it, your searing ray dissipates.
The gnoll closely misses you.
The gnoll shaman calls upon its god to heal the gnoll.
The gnoll's wounds heal themselves!
You hit the gnoll shaman.
The gnoll shaman is heavily wounded.
The gnoll barely misses you.
The gnoll shaman hits you with a +0 club!
Number of times to repeat, then command key: You must enter the number of times for the command to repeat.
The gnoll hits you from afar with a +0 halberd!
* * * LOW HITPOINT WARNING * * *
The gnoll shaman calls upon its god to speed up the gnoll.
The gnoll seems to speed up.
The gnoll hits you with a +0 flail!
You die...
Kikubaaqudgha rasps: "You have failed me!
Welcome... death!"

...#.#.#.......############..#...
..##.#..#.#.#.#..............#.##
................###########.##...
####.#.##.#.#>####.......##.##..#
.....#.#.................##.#...#
######..#.#.#.#.................#
#...'........#....)........#...#
#.###........#..........####...#
#.# #).......#.@.g.............#
#.# #........#..g.).....#####..#
##.###........#..g.......# #..#
....##........#..........# #..#
#################.######## #...
#.# ##.# #.# #.# #.# #.# ..#


You could see a gnoll shaman and 2 gnolls.

Vanquished Creatures
  2 gnolls (D:2)
  An adder (D:2)
  A dart slug (D:1)
  An endoplasm (D:1)
  3 giant cockroaches
  3 goblins
  6 hobgoblins (D:1)
  2 jackals (D:1)
  6 ball pythons
  3 bats
  3 frilled lizards
  5 kobolds
  5 rats
41 creatures vanquished.

Notes
Turn   | Place    | Note
-------+----------+-------------------------------------------
     0 | D:1      | mightbedylan the Human Conjurer began the quest for the
                  | Orb.
     0 | D:1      | Reached XP level 1. HP: 13/13 MP: 3/3
   138 | D:1      | Found a faded altar of an unknown god.
   144 | D:1      | Became a worshipper of Kikubaaqudgha
   144 | D:1      | Reached * piety under Kikubaaqudgha
   144 | D:1      | Identified Kikubaaqudgha's Handbook of Unholy Secrets
                  | (Kikubaaqudgha gifted it to you on level 1 of the Dungeon)
   144 | D:1      | Received a gift from Kikubaaqudgha
   251 | D:1      | Reached XP level 2. HP: 13/19 MP: 1/5
   355 | D:1      | Learned a level 2 spell: Searing Ray
   367 | D:1      | Learned a level 1 spell: Animate Skeleton
   527 | D:1      | Reached XP level 3. HP: 24/24 MP: 3/6
  1249 | D:1      | Reached ** piety under Kikubaaqudgha
  1345 | D:2      | Gained mutation: You occasionally shout uncontrollably at
                  | your foes. [potion of mutation]
  1345 | D:2      | Gained mutation: You are dopey. (Int -2) [potion of
                  | mutation]
  1345 | D:2      | Gained mutation: You possess an exceptional clarity of
                  | mind. [potion of mutation]
  1992 | D:2      | Reached XP level 4. HP: 22/29 MP: 7/7
  2106 | D:2      | Reached skill level 1 in Short Blades
  2116 | D:2      | Mangled by a gnoll

Illustrated notes

Levels and vault maps discovered:
D:1:      psy_arrival_conway, layout_basic, basic_ecumenical_altar
D:2:      layout_basic, st_stairs_8

Skill      XL: |  1  2  3  4 |
---------------+-------------+-----
Short Blades   | 1 |  1.8
Dodging        | |  2.2
Stealth        | |  2.3
Spellcasting   | |  2.1
Conjurations   | |  4.8

Action                   |  1- 3 |  4- 6 || total
-------------------------+-------+-------++-------
Melee: Short sword       |    77 |     5 ||    82
       Unarmed           |     1 |       ||     1
 Cast: Magic Dart        |    21 |       ||    21
       Searing Ray       |     2 |     2 ||     4
       Animate Skeleton  |     1 |       ||     1
  Use: Scroll            |     5 |       ||     5
       Potion            |     2 |       ||     2
 Stab: Sleeping          |     2 |       ||     2
Armor: Robe              |    10 |     2 ||    12
Dodge: Dodged            |    43 |     4 ||    47

Table legend: (Time is in decaauts)
 A = Elapsed time spent in this place.
 B = Non-inter-level travel time spent in this place.
 C = Inter-level travel time spent in this place.
 D = Time resting spent in this place.
 E = Time spent auto-exploring this place.
 F = Levels seen in this place.
 G = Mean time per level.
                   A        B        C        D        E       F      G
               +--------+--------+--------+--------+--------+-----+--------+
         Total |   2126 |   2103 |     23 |      0 |   1245 |   2 | 1063.0 |
       Dungeon |   2126 |   2103 |     23 |      0 |   1245 |   2 | 1063.0 |
               +--------+--------+--------+--------+--------+-----+--------+

Top non-repeatable levels by time:
     D:1: 1293 daAuts
     D:2: 832 daAuts
